 Dungeon Crawl Stone Soup version 0.30-a0-726-gd89dcf765f (webtiles) character file.

Game seed: 2608581984214323109

635 kingofthe the Shooter (level 7, -8/62 HPs)
             Began as a Troll Warper on Jan 29, 2023.
             Mangled by Prince Ribbit (18 damage)
             ... on level 5 of the Dungeon on Jan 30, 2023.
             The game lasted 00:11:13 (2987 turns).

kingofthe the Shooter (Troll Warper)                Turns: 2987, Time: 00:11:14

Health: -8/62      AC:  4    Str: 20    XL:     7   Next: 25%
Magic:  0/8        EV: 10    Int:  9    God:
Gold:   149        SH:  0    Dex: 11    Spells: 6/9 levels left

rFire   . . .      SeeInvis .    a - +1 sling (elec)
rCold   . . .      Faith    .    (no shield)
rNeg    . . .      Spirit   +    x - +0 robe {Will+}
rPois   .          Reflect  .    (helmet restricted)
rElec   .          Harm     .    (no cloak)
rCorr   .          Rampage  .    (gloves unavailable)
Will    +....                    (boots unavailable)
Stlth   +                        v - amulet of guardian spirit
HPRegen 1.10/turn                (no ring)
MPRegen 0.11/turn                (no ring)

@: no status effects
A: large, unfitting armour, claws 3, regeneration 1, shaggy fur 1, tough skin 1
a: no special abilities


You were on level 5 of the Dungeon.
You visited 1 branch of the dungeon, and saw 5 of its levels.

You collected 149 gold pieces.

Inventory:

Hand Weapons
 a - a +1 sling of electrocution (weapon)
 b - a +2 antimagic dagger
Missiles
 c - 7 boomerangs of dispersal
 u - 2 boomerangs
Armour
 x - a +0 robe of willpower (worn)
Magical Staves
 k - a staff of fire
 o - a staff of death
Jewellery
 v - an amulet of guardian spirit (around neck)
Scrolls
 d - a scroll of brand weapon
 e - a scroll of teleportation {unknown}
 f - a scroll of enchant armour {unknown}
 g - a scroll of blinking
 l - a scroll of silence {unknown}
 r - a scroll of acquirement {unknown}
 s - 3 scrolls of identify
 t - a scroll of amnesia {unknown}
 w - a scroll of fear {unknown}
 y - a scroll of vulnerability {unknown}
Potions
 h - 2 potions of curing {unknown}
 i - 3 potions of might
 j - a potion of lignification {unknown}
 m - a potion of attraction {unknown}
 n - a potion of haste {unknown}
 p - a potion of berserk rage {unknown}
 q - a potion of cancellation {unknown}
 z - a potion of invisibility {unknown}


   Skills:
 - Level 1.5 Fighting
 * Level 4.1 Ranged Weapons
 - Level 0.8 Throwing
 - Level 3.4 Dodging
 - Level 2.5 Unarmed Combat
 - Level 1.7 Spellcasting
 - Level 2.5 Translocations
 - Level 0.3 Ice Magic


You had 6 spell levels left.
You knew the following spells:

 Your Spells              Type           Power      Damage    Failure   Level
a - Blink                 Tloc           10%        N/A       19%         2
b - Freeze                Ice            4%         1d3       30%         1

Your spell library contained the following spells:

 Spells                   Type           Power      Damage    Failure   Level
 Lesser Beckoning         Tloc           10%        N/A       19%         2
 Teleport Other           Tloc           5%         N/A       34%         3
 Vhi's Electric Charge    Tloc/Air       6%         N/A       52%         3
 Frozen Ramparts          Ice            2%         1d1       67%         3
 Hailstorm                Conj/Ice       1%         3d3       67%         3
 Ignite Poison            Fire/Tmut/Pois 0%         N/A       71%         3
 Manifold Assault         Tloc           5%         N/A       75%         4
 Sticky Flame             Conj/Fire      0%         2d3       98%         4
 Ignition                 Fire           0%         3d3       100%        8


Dungeon Overview and Level Annotations

Branches:
Dungeon (5/15)
 Temple: D:4-7

Altars:
Cheibriados

Annotations:
D:3 2 runed translucent doors, Beavis's ghost, weakling GnWn
D:5 Prince Ribbit


Innate Abilities, Weirdness & Mutations

You are too large for most types of armour.
You have claws for hands.
Your natural rate of healing is unusually fast.
You are covered in fur. (AC +1)
You have tough skin. (AC +1)


Message History

You see here a staff of death.
You see here an adder corpse.
Prince Ribbit comes into view.
Prince Ribbit croaks.
Prince Ribbit sighs, "It's not easy being green!"
You shoot a sling bullet.
The sling bullet closely misses Prince Ribbit.
Prince Ribbit closely misses you.
A white imp comes into view.
You shoot a sling bullet. The sling bullet hits Prince Ribbit.
Prince Ribbit is lightly wounded.
Prince Ribbit blinks!
Prince Ribbit hits you!
You shoot a sling bullet. The sling bullet hits Prince Ribbit.
Prince Ribbit is lightly wounded.
Prince Ribbit barely misses you. Prince Ribbit hits you.
The white imp gestures at you. The puff of frost hits you!
A necrophage comes into view.
You shoot a sling bullet.
The sling bullet closely misses Prince Ribbit.
Prince Ribbit hits you.
The white imp shouts, "Scamper hence, thou foisting nut-hook tiler!"
The white imp gestures at you. The puff of frost hits you!
Prince Ribbit hits you.
You shoot a sling bullet. The sling bullet hits Prince Ribbit.
Prince Ribbit is moderately wounded.
Prince Ribbit hits you!
You are too injured to fight recklessly!
You are too injured to fight recklessly!
As you read the scroll labelled ANA BEISEEQAYDOLE, it crumbles to dust.
It is a scroll of brand weapon.
Really abort (and waste the scroll)?
Okay, then.
Prince Ribbit barely misses you. Prince Ribbit hits you!
* * * LOW HITPOINT WARNING * * *
As you read the scroll labelled LAG RISKEFFEY, it crumbles to dust.
It is a scroll of identify.
i - 3 potions of might Prince Ribbit hits you!!
You die...

#+# #.# ######.#
#.### #....#.##
......##F#....###
.....n5@.#......####
......####..........
##... ###....####
### #.#### #.# #.#
#.# #.# #.#


You could see Prince Ribbit, a necrophage and a white imp.

Vanquished Creatures
  2 ogres
  A phantom (D:4)
  2 scorpions
  A hound (D:4)
  An iguana (D:4)
  4 gnolls (D:3)
  8 adders
  3 worms
  3 dart slugs
  6 orcs
  6 bats
  15 endoplasms
  4 giant cockroaches
  5 goblins
  3 hobgoblins (D:3)
  5 jackals
  3 kobolds
  3 quokkas
  7 ball pythons
  4 frilled lizards
  9 rats
95 creatures vanquished.

Notes
Turn   | Place    | Note
-------+----------+-------------------------------------------
     0 | D:1      | kingofthe the Troll Warper began the quest for the Orb.
     0 | D:1      | Reached XP level 1. HP: 19/19 MP: 1/1
   131 | D:1      | Reached XP level 2. HP: 26/27 MP: 3/3
   436 | D:1      | Reached XP level 3. HP: 33/33 MP: 4/4
   565 | D:2      | Learned a level 2 spell: Blink
   610 | D:2      | Learned a level 1 spell: Freeze
  1106 | D:3      | Reached XP level 4. HP: 41/41 MP: 5/5
  1132 | D:3      | Found a runed translucent door.
  1134 | D:3      | Noticed Beavis's ghost (weakling GnWn)
  1658 | D:3      | Found a runed translucent door.
  1935 | D:4      | Noticed an ogre
  1937 | D:4      | Killed an ogre
  1938 | D:4      | Reached skill level 1 in Ranged Weapons
  1938 | D:4      | Reached XP level 5. HP: 42/48 MP: 6/6
  1944 | D:4      | Reached skill level 2 in Ranged Weapons
  1944 | D:4      | Reached XP level 6. HP: 55/55 MP: 7/7
  2301 | D:4      | Reached skill level 3 in Ranged Weapons
  2482 | D:5      | Entered Level 5 of the Dungeon
  2699 | D:5      | Reached XP level 7. HP: 42/62 MP: 4/8
  2796 | D:5      | Found a snail-covered altar of Cheibriados.
  2869 | D:5      | Reached skill level 4 in Ranged Weapons
  2980 | D:5      | Noticed Prince Ribbit
  2987 | D:5      | Mangled by Prince Ribbit

Illustrated notes

Levels and vault maps discovered:
D:1:      dpeg_arrival_boxorama, layout_basic, st_stairs_3, minivault_19
D:2:      layout_basic, minivault_11
D:3:      layout_basic, ebering_ghost_sewer_f
D:4:      layout_rooms, corexii_corridor_pit
D:5:      minmay_recursive_quarters, layout_loops_corners,
          nicolae_overflow_crystal_walls, hangedman_abyss_or_decor_stabs,
          kennysheep_nub, uniq_prince_ribbit1

Skill      XL: |  1  2  3  4  5  6  7 |
---------------+----------------------+-----
Dodging        | 2 3 |  3.4
Ranged Weapons | 1 2 3 4 |  4.1
Fighting       | |  1.5
Throwing       | |  0.8
Unarmed Combat | |  2.5
Spellcasting   | |  1.7
Translocations | |  2.5
Ice Magic      | |  0.3

Action                     |  1- 3 |  4- 6 |  7- 9 || total
---------------------------+-------+-------+-------++-------
  Melee: Unarmed           |   112 |       |       ||   112
         Punch             |     2 |       |       ||     2
   Fire: Sling             |     6 |   175 |    16 ||   197
    Use: Scroll            |       |       |     2 ||     2
   Stab: Sleeping          |     2 |       |       ||     2
 Armour: Robe              |    32 |    26 |     1 ||    59
  Dodge: Dodged            |    49 |    60 |     5 ||   114

Table legend: (Time is in decaauts)
 A = Elapsed time spent in this place.
 B = Non-inter-level travel time spent in this place.
 C = Inter-level travel time spent in this place.
 D = Time resting spent in this place.
 E = Time spent auto-exploring this place.
 F = Levels seen in this place.
 G = Mean time per level.
                   A        B        C        D        E       F      G
               +--------+--------+--------+--------+--------+-----+--------+
         Total |   3040 |   2757 |    283 |     79 |   1956 |   5 |  608.0 |
       Dungeon |   3040 |   2757 |    283 |     79 |   1956 |   5 |  608.0 |
               +--------+--------+--------+--------+--------+-----+--------+

Top non-repeatable levels by time:
     D:3: 944 daAuts
     D:4: 559 daAuts
     D:2: 548 daAuts
     D:1: 532 daAuts
     D:5: 456 daAuts
